 Dungeon Crawl Stone Soup version 0.29.1-2-gbd0b4ee654 (webtiles) character file.

Game seed: 16171166871489848005

14179 Rosiu1125 the Fencer (level 11, -8/151 HPs)
             Began as a Minotaur Berserker on Nov 27, 2022.
             Was a High Priest of Trog.
             Mangled by a nine-headed hydra (10 damage)
             ... on level 1 of the Lair of Beasts.
             The game lasted 00:25:07 (9900 turns).

Rosiu1125 the Fencer (Minotaur Berserker)           Turns: 9900, Time: 00:25:08

Health: -8/151     AC: 12    Str: 24    XL:     11   Next: 85%
Magic:  10/10      EV: 12    Int:  7    God:    Trog [*****.]
Gold:   543        SH:  0    Dex: 13    Spells: 10/10 levels left

rFire   . . .      SeeInvis +   I - +5 great sword of Neurosis {vorpal, rElec}
rCold   . . .      Faith    .   (shield currently unavailable)
rNeg    . . .      Spirit   .   J - +1 scale mail {Will+}
rPois   .          Reflect  .   (helmet restricted)
rElec   +          Harm     .   C - +0 cloak
rCorr   .          Rampage  .   d - +0 pair of gloves
Will    +....                   (no boots)
Stlth   ..........              h - amulet of regeneration
HPRegen 1.15/turn               s - ring of flight
MPRegen 0.12/turn               a - ring of see invisible

@: berserking, flying, very quick
A: horns 2, retaliatory headbutt, agile 1, clever 1, inability to read after
injury 1
a: Renounce Religion, Berserk, Trog's Hand, Brothers in Arms


You were on level 1 of the Lair of Beasts.
You worshipped Trog.
Trog was extremely pleased with you.
You visited 2 branches of the dungeon, and saw 11 of its levels.

You collected 910 gold pieces.
You spent 367 gold pieces at shops.

Inventory:

Hand Weapons
 I - the +5 great sword of Neurosis (weapon) {vorpal, rElec}
   (You bought it in a shop on level 2 of the Dungeon)

   It inflicts extra damage upon your enemies.
   rElec:     It insulates you from electricity.
 O - a +5 vorpal triple sword
Missiles
 z - 5 boomerangs (quivered)
Armour
 b - a +0 plate armour
 d - a +0 pair of gloves (worn)
 C - a +0 cloak (worn)
 J - a +1 scale mail of willpower (worn)
 S - a +0 kite shield
Jewellery
 a - a ring of see invisible (right hand)
 f - an amulet of reflection
 g - a ring of magical power
 h - an amulet of regeneration (around neck)
 m - an amulet of magic regeneration
 s - a ring of flight (left hand)
 y - a ring of fire
 H - a ring of protection from cold
 P - the ring of Muicukh {Fire *Slow rElec Dex+4}
   (You found it on level 4 of the Dungeon)

   [ring of fire]

   It enhances your fire magic.
   Dex:       It affects your dexterity (+4).
   rF:        It protects you from fire.
   rC:        It makes you vulnerable to cold.
   rElec:     It insulates you from electricity.
   *Slow:     It may slow you when you take damage.
 T - an amulet of the acrobat
Wands
 k - a wand of roots (3)
 v - a wand of flame (6)
 D - a wand of paralysis (13)
 E - a wand of polymorph (10)
 K - a wand of light (14)
Scrolls
 c - 2 scrolls of identify
 e - 2 scrolls of amnesia
 i - 3 scrolls of butterflies
 l - 6 scrolls of teleportation
 n - 2 scrolls of blinking
 p - a scroll of enchant armour {unknown}
 w - a scroll of enchant weapon {unknown}
 A - 3 scrolls of fear
 B - a scroll of silence {unknown}
 G - 2 scrolls of torment
 L - a scroll of immolation {unknown}
 M - a scroll of poison {unknown}
 N - 2 scrolls of magic mapping {unknown}
 Q - 2 scrolls of vulnerability {unknown}
Potions
 j - 4 potions of cancellation {unknown}
 o - 4 potions of attraction
 q - 4 potions of berserk rage
 r - 2 potions of ambrosia
 t - 5 potions of curing
 u - 2 potions of heal wounds {unknown}
 x - 3 potions of lignification
 F - 2 potions of might
 R - a potion of brilliance {unknown}


   Skills:
 + Level 10.7 Fighting
 + Level 16.4 Long Blades
 - Level 6.2 Polearms
 + Level 3.0 Throwing
 + Level 10.1 Armour
 - Level 4.2 Dodging


You had 10 spell levels left.
You didn't know any spells.
Your spell library was empty.

Dungeon Overview and Level Annotations

Branches:
Dungeon (10/15)            Temple (0/1) D:5            Lair (1/5) D:8
    Orc: D:9-12

Altars:
Hepliaklqana
Makhleb
Qazlal
Ru
Sif Muna
Trog
Vehumet
Yredelemnul
Zin

Shops:
D:1 (   D:2 (


Innate Abilities, Weirdness & Mutations

You have a pair of horns on your head.
You reflexively headbutt those who attack you in melee.
You are agile. (Dex +4, Str/Int -1)
Your mind is acute. (Int +4, Str/Dex -1)
You occasionally lose the ability to read scrolls when taking damage.


Message History

The torpor snail barely misses you.
The eight-headed hydra completely misses you.
You furiously retaliate!
You headbutt the eight-headed hydra!
The eight-headed hydra bites you but does no damage.
The eight-headed hydra barely misses you. x2
The eight-headed hydra bites you! The eight-headed hydra misses you.
The eight-headed hydra bites you!
* * * LOW HITPOINT WARNING * * *
The eight-headed hydra bites you but does no damage.
A red film seems to cover your vision as you go berserk!
You feel yourself moving faster!
You feel mighty!
The eight-headed hydra closely misses you.
The eight-headed hydra bites you.
* * * LOW HITPOINT WARNING * * *
The eight-headed hydra barely misses you.
The eight-headed hydra bites you.
* * * LOW HITPOINT WARNING * * *
The eight-headed hydra bites you.
* * * LOW HITPOINT WARNING * * *
The eight-headed hydra bites you.
* * * LOW HITPOINT WARNING * * *
The eight-headed hydra bites you but does no damage.
The eight-headed hydra bites you.
* * * LOW HITPOINT WARNING * * *
You chop one of the eight-headed hydra's heads off!
The seven-headed hydra grows two more!
You slice the nine-headed hydra!!
The nine-headed hydra is heavily wounded.
You feel yourself speed up. The nine-headed hydra misses you.
The nine-headed hydra completely misses you.
The nine-headed hydra bites you.
* * * LOW HITPOINT WARNING * * *
The nine-headed hydra bites you.
* * * LOW HITPOINT WARNING * * *
The nine-headed hydra misses you.
The nine-headed hydra bites you but does no damage.
The nine-headed hydra bites you!
* * * LOW HITPOINT WARNING * * *
The nine-headed hydra bites you!
You die...

#### ......♣ ~~
#.##P#.####....♣♣~~~
#.#......#......~.~≈
(................~P~
................P~~~
..................PP
...........†........
#..+#.#D...........
.#.....@#...........
#.......##....(.....
..##.#...#..........
.##...##..#.........
..........#.........
.#.....#...........
#..8.8..#..#......
#.......#.....##
....8.........#


You could see a nine-headed hydra.

Vanquished Creatures
  Erica (D:8)
  4 two-headed ogres
  Lodul (D:10)
  An ugly thing (D:9)
  A cane toad (Lair:1)
  An unseen horror zombie (D:10)
  A hornet (D:8)
  2 trolls
  Sigmund (D:2)
  The ghost of duchin the Skirmisher, an amateur KoHu (D:4)
  A shadow (D:9)
  A vampire (D:10)
  3 yaks (D:8)
  A jumping spider (shapeshifter) (D:8)
  3 wyverns
  2 steam dragons
  Menkaure (D:6)
  Duvessa (D:7)
  7 water moccasins
  2 acid dragons
  4 ice beasts
  A sky beast (D:7)
  A black bear (D:8)
  9 ogres
  Blork the orc (D:4)
  4 kobold brigands
  7 bullfrogs
  3 gnoll sergeants
  2 necrophages
  6 wights
  Dowan (D:7)
  12 killer bees
  A howler monkey (D:4)
  9 centaur zombies (D:10)
  A jelly (D:6)
  4 orc wizards
  Natasha (thrice) (D:3)
  3 iguanas
  A scorpion simulacrum (D:4)
  A howler monkey zombie (D:10)
  Robin (D:2)
  19 gnolls
  6 adders
  A hound simulacrum (D:4)
  A shadow imp (D:6)
  5 white imps
  6 worms
  13 orcs
  5 ball pythons
  8 endoplasms
  3 giant cockroaches
  15 goblins
  9 hobgoblins
  28 kobolds
  3 quokkas
  7 bats
  5 frilled lizards
  A quokka simulacrum (D:4)
  7 rats
253 creatures vanquished.

Vanquished Creatures (others)
  49 fungi (D:8)
  42 plants
91 creatures vanquished.

Grand Total: 344 creatures vanquished

Notes
Turn   | Place    | Note
-------+----------+-------------------------------------------
     0 | D:1      | Rosiu1125 the Minotaur Berserker began the quest for the
                  | Orb.
     0 | D:1      | Reached XP level 1. HP: 19/19 MP: 0/0
   272 | D:1      | Reached XP level 2. HP: 27/27 MP: 1/1
   569 | D:1      | Found Ihoz's Antique Weapon Boutique.
   689 | D:1      | Reached ** piety under Trog
   740 | D:1      | Reached XP level 3. HP: 30/34 MP: 2/2
  1087 | D:2      | Found Josuco's Antique Weapon Shoppe.
  1087 | D:2      | Noticed Sigmund
  1101 | D:2      | Killed Sigmund
  1102 | D:2      | Reached skill level 5 in Fighting
  1102 | D:2      | Reached skill level 5 in Polearms
  1102 | D:2      | Reached XP level 4. HP: 30/42 MP: 3/3
  1102 | D:2      | Reached XP level 5. HP: 34/48 MP: 4/4
  1119 | D:2      | Gained mutation: You are agile. (Dex +4, Str/Int -1)
                  | [potion of mutation]
  1119 | D:2      | Gained mutation: You occasionally lose the ability to read
                  | scrolls when taking damage. [potion of mutation]
  1119 | D:2      | Gained mutation: Your mind is acute. (Int +4, Str/Dex -1)
                  | [potion of mutation]
  1385 | D:2      | Noticed Robin
  1390 | D:2      | Killed Robin
  2022 | D:3      | You fall into a shaft and drop 1 floor!
  2044 | D:4      | Reached XP level 6. HP: 57/57 MP: 5/5
  2096 | D:3      | Found a faded altar of an unknown god.
  2110 | D:3      | Found a radiant altar of Vehumet.
  2152 | D:3      | Found a hazy altar of Hepliaklqana.
  2375 | D:3      | Found a stormy altar of Qazlal.
  2583 | D:4      | Noticed Natasha
  2589 | D:3      | Killed Natasha
  2595 | D:3      | Reached *** piety under Trog
  2668 | D:4      | Reached skill level 1 in Long Blades
  2681 | D:4      | Noticed Blork the orc
  2690 | D:4      | Killed Blork the orc
  2737 | D:4      | Reached skill level 2 in Long Blades
  2758 | D:4      | Noticed duchin's ghost (amateur KoHu)
  2785 | D:4      | Found a runed translucent gate.
  2785 | D:4      | Found a runed translucent gate.
  2785 | D:4      | Found a runed translucent gate.
  3161 | D:4      | Found a shimmering blue altar of Sif Muna.
  3413 | D:4      | Noticed an ice beast
  3463 | D:5      | Entered Level 5 of the Dungeon
  3463 | D:5      | Found a staircase to the Ecumenical Temple.
  3505 | D:5      | Reached skill level 3 in Long Blades
  3505 | D:5      | Reached XP level 7. HP: 59/63 MP: 6/6
  3548 | D:5      | Noticed a wyvern
  3558 | D:5      | Killed a wyvern
  3559 | D:5      | Reached skill level 4 in Long Blades
  3817 | D:5      | Reached skill level 5 in Long Blades
  3865 | D:5      | Found a bloodstained altar of Trog.
  4320 | D:3      | Noticed Natasha
  4330 | D:3      | Killed Natasha
  4374 | D:2      | Bought a scorched great sword for 172 gold pieces
  4374 | D:2      | Identified the +5 great sword of Neurosis {vorpal, rElec}
                  | (You bought it in a shop on level 2 of the Dungeon)
  4612 | D:6      | Noticed Menkaure
  4616 | D:6      | Killed Menkaure
  4794 | D:6      | Reached skill level 6 in Long Blades
  4794 | D:6      | Reached skill level 5 in Armour
  4794 | D:6      | Reached XP level 8. HP: 71/71 MP: 7/7
  4900 | D:6      | Found a glowing silver altar of Zin.
  4920 | D:6      | Reached skill level 7 in Long Blades
  5004 | D:6      | Found a burning altar of Makhleb.
  5136 | D:6      | Reached skill level 8 in Long Blades
  5154 | D:6      | Reached **** piety under Trog
  5337 | D:7      | Found a sacrificial altar of Ru.
  5400 | D:7      | Reached skill level 9 in Long Blades
  5439 | D:7      | Reached XP level 9. HP: 78/79 MP: 8/8
  5501 | D:7      | Noticed Duvessa
  5502 | D:7      | Noticed Dowan
  5513 | D:7      | Killed Duvessa
  5514 | D:7      | Killed Dowan
  5631 | D:7      | Reached skill level 10 in Long Blades
  5631 | D:7      | Reached skill level 1 in Throwing
  6568 | D:8      | Reached skill level 11 in Long Blades
  6618 | D:8      | Reached XP level 10. HP: 51/88 MP: 9/9
  6619 | D:8      | Reached skill level 12 in Long Blades
  6789 | D:8      | Found a staircase to the Lair.
  6876 | D:8      | Noticed Erica
  6886 | D:8      | Killed Erica
  7569 | D:3      | Noticed Natasha
  7574 | D:3      | Killed Natasha
  7618 | D:2      | Bought a runed triple sword for 195 gold pieces
  7726 | D:4      | Killed duchin's ghost
  7750 | D:4      | Identified the ring of Muicukh {Fire *Slow rElec Dex+4}
  7902 | D:9      | Reached skill level 13 in Long Blades
  8043 | D:9      | Reached ***** piety under Trog
  8309 | D:9      | Noticed a two-headed ogre
  8316 | D:9      | Killed a two-headed ogre
  8665 | D:9      | Noticed a purple ugly thing
  8679 | D:9      | Killed a purple ugly thing
  8680 | D:9      | Reached skill level 14 in Long Blades
  8680 | D:9      | Reached XP level 11. HP: 69/97 MP: 10/10
  8754 | D:10     | Entered Level 10 of the Dungeon
  8860 | D:10     | Found a basalt altar of Yredelemnul.
  8910 | D:10     | Reached skill level 10 in Fighting
  8942 | D:10     | Received a gift from Trog
  8989 | D:10     | Noticed a two-headed ogre
  8994 | D:10     | Killed a two-headed ogre
  8995 | D:10     | Reached skill level 15 in Long Blades
  9117 | D:10     | Noticed Lodul
  9123 | D:10     | Killed Lodul
  9327 | D:10     | Noticed a two-headed ogre
  9330 | D:10     | Killed a two-headed ogre
  9331 | D:10     | Reached skill level 10 in Armour
  9541 | D:10     | Noticed a two-headed ogre
  9545 | D:10     | Killed a two-headed ogre
  9546 | D:10     | Reached skill level 16 in Long Blades
  9827 | Lair:1   | Entered Level 1 of the Lair of Beasts
  9890 | Lair:1   | Noticed an eight-headed hydra
  9900 | Lair:1   | HP: 2/151 [nine-headed hydra (8)]
  9900 | Lair:1   | Mangled by a nine-headed hydra

Illustrated notes

Levels and vault maps discovered:
D:1:      dpeg_arrival_round_b, layout_loops_ring, serial_shops, shop_fountains,
          chequers_serial_rivers_small_b,
          nicolae_concentric_dashed_squares_mild, dk_noncrumbling_4
D:2:      layout_rooms, serial_shops, shop_fountains,
          minmay_misc_feat_more_columns, uniq_sigmund, uniq_robin
D:3:      layout_basic, grunt_qazlal_sundering, nzn_hepliaklqana_mist_gate,
          mainiacjoe_overflow_boulevard, nicolae_ecumenical_pavilion
D:4:      layout_basic, nicolae_sif_muna_condensation, gammafunk_ghost_icy,
          uniq_natasha, uniq_blork_the_orc
D:5:      layout_basic, mainiacjoe_overflow_catwalk, minmay_temple_entry_trees
D:6:      minmay_skewed_foursquare, layout_basic, general_overflow_altar,
          mainiacjoe_overflow_concentric_impassable, uniq_menkaure
D:7:      layout_basic, nicolae_ru_great_annihilating_truth,
          kennysheep_generic_room_15, uniq_duvessa
D:8:      layout_loops_corners, due_lair_maze_entry_diamond, uniq_erica
D:9:      layout_roguey
D:10:     layout_basic, nicolae_yredelemnul_corpse_copse, minmay_fountain_box,
          uniq_lodul
Lair:1:   layout_cave_pods, serial_bayou_pond_b, grunt_megastairs_2

Skill      XL: |  1  2  3  4  5  6  7  8  9 10 11 |
---------------+----------------------------------+-----
Fighting       | 4 5 6 7 8 9 10 | 10.7
Polearms       | 4 5 6 |  6.2
Armour         | 3 5 7 9 10 | 10.1
Dodging        | 3 4 |  4.2
Long Blades    | 3 6 9 11 14 16 | 16.4
Throwing       | 2 3 |  3.0

Action                   |  1- 3 |  4- 6 |  7- 9 | 10-12 || total
-------------------------+-------+-------+-------+-------++-------
Melee: Spear             |   101 |     4 |       |       ||   105
       Headbutt          |     9 |    20 |    32 |    56 ||   117
       Halberd           |       |    47 |       |       ||    47
       Falchion          |       |    72 |    37 |       ||   109
       Great sword       |       |       |   125 |   252 ||   377
Throw: Boomerang         |       |       |    15 |    11 ||    26
Invok: Berserk           |     1 |     2 |     3 |     3 ||     9
       Trog's Hand       |       |     1 |       |       ||     1
  Use: Potion            |       |     2 |       |       ||     2
       Scroll            |       |       |       |    10 ||    10
 Stab: Sleeping          |       |     4 |       |       ||     4
       Paralysed         |       |       |     1 |       ||     1
Armor: Animal skin       |     8 |     8 |       |       ||    16
       Ring mail         |       |    15 |    33 |       ||    48
       Scale mail        |       |       |    28 |   141 ||   169
Dodge: Dodged            |    41 |    66 |   111 |   207 ||   425
